[Event "***Titled Tuesday 3|2 Blitz"]
[Site "Chess.com"]
[Date "2017.02.07"]
[Round "6"]
[White "Cruel_Yaro"]
[Black "hansen"]
[Result "0-1"]
[WhiteElo "2592"]
[BlackElo "2643"]
[TimeControl "180+2"]
[EndTime "14:26:06 PST"]
[Termination "hansen won on time"]

1. e4 e5 2. Nf3 Nc6 3. Bb5 a6 4.
Ba4 Nf6 5. O-O Be7 6. Re1 b5 7. Bb3 d6 8. c3 O-O 9. h3 Na5 10. Bc2 c5 11. d4 Nd7 12. Nbd2 Re8 13.
Nf1 exd4 14. cxd4 Nc6 15. a4 Bb7 16. Ne3 Bf8 17. d5 Nce5 18. Nxe5 Nxe5 19. f4 Nd7 20. b3 Nf6 21. Qf3 g6 22. Bb2 Bg7 23. Rab1 Qa5 24. e5 Nd7 25. Qg4 Rad8 26. b4 Qxb4 27. Ba1 Qa5 28. Nf5 gxf5 29. Qxf5 Nf8 30. e6 Qc7 31. Qg5 Ng6 32. f5 f6 33. Qg3 Ne5 34. Be4 b4 35. Qf4 a5 36. Re3 Kh8 37.
g4 Qe7 38. h4 Rg8 39. Rg3 c4 40. Bd4 c3 41. Kh2 Rc8 42. g5 Rc4 43. Bxe5 dxe5 44. Qf3 c2 45. Rc1 b3 0-1

[Event "***Titled Tuesday 3|2 Blitz"]
[Site "Chess.com"]
[Date "2017.02.07"]
[Round "6"]
[White "SCIM"]
[Black "Vamostodorecto"]
[Result "0-1"]
[WhiteElo "2272"]
[BlackElo "2451"]
[TimeControl "180+2"]
[EndTime "14:26:07 PST"]
[Termination "Vamostodorecto won by checkmate"]

1. d4 d5 2. c4 Nc6 3. Nc3 Nf6 4.
Nf3 Bg4 5. cxd5 Nxd5 6. e4 Nxc3 7.
bxc3 g6 8. Rb1 Bg7 9. Rxb7 O-O 10. Be2 e5 11. d5 Ne7 12. O-O Nc8 13. h3 Bd7 14. Qc2 Nb6 15. Bg5 f6 16. Be3 Bc8 17. Ba6 Bxb7 18. Bxb7 Rb8 19. Ba6 Qd6 20. c4 Nd7 21.
Bb5 Nc5 22. Nd2 f5 23. exf5 gxf5 24. Nb3 Nxb3 25. axb3 f4 26. Bxa7 Ra8 27. c5 Qh6 28.
Ra1 e4 29. Ra6 Rf6 30. d6 e3 31. Qe4 exf2+ 32. Kxf2 f3 33. Qxa8+ Rf8 34. Qd5+ Kh8 35. Ra2 Qh4+ 36. Kg1 Qe1+ 37. Kh2 Be5+ 38. Qxe5+ Qxe5+ 39. Kg1 Qe1+ 40. Kh2 f2 41. dxc7 Qe5+ 42. Kh1 f1=Q+ 43. Bxf1 Rxf1# 0-1

[Event "***Titled Tuesday 3|2 Blitz"]
[Site "Chess.com"]
[Date "2017.02.07"]
[Round "6"]
[White "MattyDPerrine"]
[Black "NoWuss2"]
[Result "1-0"]
[WhiteElo "2180"]
[BlackElo "2048"]
[TimeControl "180+2"]
[EndTime "14:26:11 PST"]
[Termination "MattyDPerrine won by resignation"]

1. d4 Nc6 2. Nf3 d6 3. g3 f5 4. Bg2 Nf6 5. O-O g6 6. c4 Bg7 7. Nc3 O-O 8. Qc2 a6 9. a3 h6 10. Rd1 e6 11. d5 Ne7 12. dxe6 Bxe6 13. c5 d5 14. Nd4 Bf7 15. Bf4 g5 16. Be5 Re8 17.
e3 Qc8 18. Bh3 Bg6 19. Qb3 c6 20. Na4 Nd7 21. Bd6 Bf7 22. Nxf5 Nxf5 23. Bxf5 d4 24. Qc2 dxe3 25. Nb6 Nxb6 26. Bxc8 Nxc8 27. fxe3 Rxe3 28. Re1 Bd4 29. Rxe3 Bxe3+ 30. Kf1 Nxd6 31. cxd6 Rf8 32. Ke2 Bb6 33. Re1 Kg7 34. Qc3+ Kh7 35. Kd1 Bh5+ 36.
Kc1 Rf2 37. Re7+ Kg6 38. Qe5 Rf1+ 39. Kc2 Rf2+ 40. Kb1 Rf6 41. Re6 Rxe6 42. Qxe6+ Kg7 43. Qe7+ Kg8 44. d7 Bg6+ 45. Ka1 g4 46. d8=Q+ Bxd8 47. Qxd8+ Kg7 48. Qc7+ 1-0

[Event "***Titled Tuesday 3|2 Blitz"]
[Site "Chess.com"]
[Date "2017.02.07"]
[Round "6"]
[White "coalescenet"]
[Black "ka1ser64"]
[Result "1/2-1/2"]
[WhiteElo "2310"]
[BlackElo "2301"]
[TimeControl "180+2"]
[EndTime "14:26:14 PST"]
[Termination "Game drawn by repetition"]

1. d4 d5 2. c4 dxc4 3. e3 Nf6 4.
Bxc4 e6 5. Nf3 c5 6. O-O a6 7. a4 Nc6 8. Qe2 Qc7 9. Rd1 Bd6 10. dxc5 Bxc5 11. Nbd2 O-O 12. Nb3 Ba7 13. e4 Ng4 14.
Rf1 Nce5 15. Nxe5 Nxe5 16. Nd2 Rd8 17. b3 Bd4 18. Ra2 Nxc4 19. Nxc4 e5 20. Rc2 Be6 21.
Bd2 Rdc8 22. Rfc1 b5 23. axb5 axb5 24. Na3 Qb7 25. Rxc8+ Rxc8 26. Qxb5 Rxc1+ 27. Bxc1 Qxb5 28. Nxb5 Bxb3 29. Nxd4 exd4 30. Kf1 Bc4+ 31. Ke1 Bd3 32. Bb2 Bxe4 33. f3 Bd5 34. Bxd4 h5 35. Ke2 f6 36. Ke3 Kf7 37. Kf4 g5+ 38. Ke3 Kg6 39. Bb6 Kf5 40.
Bc7 g4 41. fxg4+ Kxg4 42. Kf2 Kg5 43. Bd8 Kg6 44. Kg3 f5 45. Kf2 Be4 46. g3 Bc6 47. Ke3 Be4 48. Kf4 Bg2 49. Bb6 Bh3 50. Bd4 Bg2 51. Ba1 Bh3 52. Bd4 Bg2 53. Bc3 Bh3 54. Ba5 Bg2 55. Bb6 Bh3 56. Kf3 Bg4+ 57. Kf4 Bh3 1/2-1/2

[Event "***Titled Tuesday 3|2 Blitz"]
[Site "Chess.com"]
[Date "2017.02.07"]
[Round "6"]
[White "Saitama_Hero"]
[Black "oggy1984"]
[Result "1/2-1/2"]
[WhiteElo "2043"]
[BlackElo "2317"]
[TimeControl "180+2"]
[EndTime "14:26:22 PST"]
[Termination "Game drawn by repetition"]

1. e4 c5 2. b3 a6 3. Bb2 d6 4. Nf3 e6 5. d4 cxd4 6. Nxd4 Nf6 7. Bd3 Be7 8. Nd2 Nc6 9. Nxc6 bxc6 10.
O-O d5 11. e5 Nd7 12. f4 Nc5 13. Nf3 Nxd3 14. cxd3 O-O 15. d4 c5 16. Rc1 cxd4 17. Nxd4 Bd7 18. f5 exf5 19. Qf3 Qb6 20. Kh1 g6 21.
Qxd5 Rfd8 22. Qf3 Rac8 23. Rxc8 Rxc8 24. Rd1 Bc5 25. h3 h5 26. Qf4 Kh7 27. Nf3 Be3 28. Qh4 Be6 29. Bd4 Bxd4 30. Rxd4 Rc1+ 31. Kh2 Rf1 32. Ng5+ Kh6 33. Nf3 Kh7 34. Rd8 Rxf3 35.
gxf3 Qe3 36. Qf6 Qf2+ 37. Kh1 Qf1+ 38. Kh2 Qf2+ 39. Kh1 Qf1+ 40. Kh2 Qf2+ 41. Kh1 Qf1+ 42.
Kh2 Qf2+ 43. Kh1 Qf1+ 44. Kh2 Qf2+ 1/2-1/2

[Event "***Titled Tuesday 3|2 Blitz"]
[Site "Chess.com"]
[Date "2017.02.07"]
[Round "6"]
[White "BilodeauA"]
[Black "DanielNaroditsky"]
[Result "1-0"]
[WhiteElo "2603"]
[BlackElo "2722"]
[TimeControl "180+2"]
[EndTime "14:26:23 PST"]
[Termination "BilodeauA won by resignation"]

1. e4 e6 2. d4 d5 3. Nd2 Be7 4.
Ngf3 Nf6 5. Bd3 c5 6. exd5 Nxd5 7. dxc5 Nd7 8. Nb3 Qc7 9. O-O Nxc5 10. Nxc5 Bxc5 11. c3 Bd7 12. Bg5 f6 13. Bd2 O-O-O 14. Qe2 g5 15. Nd4 Bxd4 16. cxd4 Kb8 17. Rac1 Qd6 18. a3 Bc6 19. Rfe1 Rhe8 20. Be4 f5 21. Bd3 Nf6 22. Bxg5 Ng4 23. g3 Qd5 24. Rxc6 bxc6 25. h3 Qxd4 26. Bxd8 Rxd8 27. hxg4 Qxd3 28. Qxd3 Rxd3 29.
Rxe6 fxg4 30. Rxc6 Rd2 31. Rc4 Rxb2 32. Rxg4 Ra2 33.
a4 a5 34. Rh4 Ra3 35. Kg2 h5 36.
Rf4 Kc7 37. Kh3 Ra1 38. Kh4 Rh1+ 39. Kg5 Kc6 40. Rf5 Kb6 41. Rb5+ Ka6 42. Re5 Rh2 43. f4 Rh3 44. Re3 h4 45. Kg4 Rh1 46. gxh4 Rg1+ 47.
Rg3 Rb1 48. h5 Rb8 49. h6 Rg8+ 50. Kh4 Rh8 51. Rg6+ Kb7 52. Kg5 Rc8 53. h7 Rc1 1-0

[Event "***Titled Tuesday 3|2 Blitz"]
[Site "Chess.com"]
[Date "2017.02.07"]
[Round "6"]
[White "pKiLz5Rn9b"]
[Black "Sethu0025"]
[Result "0-1"]
[WhiteElo "2570"]
[BlackElo "2557"]
[TimeControl "180+2"]
[EndTime "14:26:29 PST"]
[Termination "Sethu0025 won by resignation"]

1. e4 c5 2. c3 d6 3. d4 Nf6 4. Bd3 g6 5. Nf3 Bg7 6. O-O O-O 7. h3 Na6 8. a3 Qc7 9. Re1 c4 10. Bf1 e5 11. Nbd2 b5 12. a4 exd4 13. cxd4 d5 14. e5 Ne4 15. axb5 Nb4 16. Nxe4 dxe4 17.
Rxe4 Bf5 18. Rh4 Rab8 19. Bh6 Bxh6 20. Rxh6 Rxb5 21. Qd2 Nd3 22. Rh4 Rxb2 23. Qh6 f6 24. exf6 Rxf6 25. Ne5 Rxf2 26. Nxc4 Rf7 27. Ne3 Qg3 28.
Nxf5 R2xf5 29. Bxd3 Qxd3 30. Kh2 Qc3 31. Rb1 Qc7+ 32.
Kg1 a5 33. Re1 a4 34. Rhe4 Rf8 35. Re7 Rf1+ 36. Rxf1 Rxf1+ 37. Kxf1 Qxe7 38. Qd2 a3 39. d5 Qf6+ 40. Kg1 Qb2 41. Qe3 Qb1+ 42. Kh2 Qb8+ 43.
Kg1 a2 44. Qd4 Qb1+ 45. Kh2 a1=Q 46. Qf4 Qh1+ 0-1

[Event "***Titled Tuesday 3|2 Blitz"]
[Site "Chess.com"]
[Date "2017.02.07"]
[Round "6"]
[White "Genghis_K"]
[Black "pedromartinez91"]
[Result "0-1"]
[WhiteElo "2674"]
[BlackElo "2319"]
[TimeControl "180+2"]
[EndTime "14:26:34 PST"]
[Termination "pedromartinez91 won by resignation"]

1. d4 d5 2. Bf4 Nc6 3. e3 Nf6 4.
Nf3 Bg4 5. Nbd2 e6 6. h3 Bh5 7.
g4 Bg6 8. Bb5 Bd6 9. Ne5 Bxe5 10. Bxe5 O-O 11. Bg3 Nb4 12. Ba4 b5 13. Bb3 a5 14. a3 Na6 15. c3 Bd3 16. f3 c5 17.
Bc2 Bxc2 18. Qxc2 b4 19. axb4 axb4 20. O-O c4 21. b3 Qc8 22. bxc4 dxc4 23. cxb4 c3 24. b5 cxd2 25. Qxc8 Rfxc8 26. bxa6 Nd5 27. e4 Ne3 28. Bf4 Nxf1 29. Rxf1 Rxa6 30. Bxd2 Ra2 31. Rd1 f5 32. gxf5 exf5 33. d5 Rca8 34. Bc3 R2a3 35. Bd4 Rxf3 36. e5 Rd8 37. d6 Kf7 38.
Rc1 Rd7 39. Rc8 Rxh3 40. Kg2 Rh4 41. Bc3 Re4 42. Kf3 Ke6 43. Re8+ Kd5 44. Rf8 g6 45. Re8 f4 46. Ra8 Re3+ 47. Kxf4 Rxc3 48. Re8 Rc4+ 49. Kg5 Re4 50. Kf6 Rxd6+ 51. Kg7 Rxe5 52. Ra8 h5 53. Ra5+ Ke6 54. Ra4 g5 0-1

[Event "***Titled Tuesday 3|2 Blitz"]
[Site "Chess.com"]
[Date "2017.02.07"]
[Round "6"]
[White "Zhigalko_Sergei"]
[Black "tigra"]
[Result "0-1"]
[WhiteElo "2682"]
[BlackElo "2599"]
[TimeControl "180+2"]
[EndTime "14:26:37 PST"]
[Termination "tigra won by resignation"]

1. e4 e6 2. d4 d5 3. e5 c5 4. c3 Bd7 5. Nf3 cxd4 6. cxd4 Qb6 7.
Nc3 Bb4 8. Bd3 Bb5 9. O-O Bxd3 10.
Qxd3 Ne7 11. Ne2 Qa6 12. Qd1 Nbc6 13. Ng3 h5 14. Bg5 Ng6 15. a3 Be7 16. b4 Bxg5 17. Nxg5 h4 18. Ne2 Nce7 19. Qd2 Rc8 20. Rfc1 O-O 21. g3 Rxc1+ 22. Nxc1 Rc8 23. Ne2 Rc4 24. Kg2 Nf5 25. g4 Nfe7 26. h3 Qa4 27. Ra2 Qb3 28. Qb2 Qd3 29. Qd2 Qxe2 30. Qxe2 Nf4+ 31. Kf3 Nxe2 32.
Kxe2 Nc6 33. f4 Nxd4+ 34. Kd3 Nb5 35. a4 Nd4 36. b5 Nb3 37. Ke3 Rc3+ 38. Kf2 Nc1 39.
Rd2 Nd3+ 40. Ke3 Nc5+ 41. Kf2 f6 42. exf6 gxf6 43. Nxe6 Ne4+ 44. Ke2 Nxd2 45. Kxd2 Rxh3 46. a5 Ra3 47. b6 Rxa5 48. bxa7 Rxa7 49. Ke3 h3 50. Kf2 Ra2+ 51. Kg1 b5 52. Nd4 b4 53.
g5 fxg5 54. fxg5 Rd2 55. Nf3 Rd3 0-1

[Event "***Titled Tuesday 3|2 Blitz"]
[Site "Chess.com"]
[Date "2017.02.07"]
[Round "6"]
[White "GianmarcoVaR"]
[Black "DrVelja"]
[Result "0-1"]
[WhiteElo "2393"]
[BlackElo "2510"]
[TimeControl "180+2"]
[EndTime "14:26:42 PST"]
[Termination "DrVelja won on time"]

1. d4 Nf6 2. Nf3 g6 3. c4 Bg7 4.
g3 O-O 5. Bg2 d6 6. O-O Nc6 7.
Nc3 e5 8. d5 Nb8 9. Ne1 a5 10.
Nd3 Nfd7 11. e4 Na6 12. f4 f5 13. exf5 gxf5 14. Be3 e4 15. Nf2 Qe8 16. Bd4 Nf6 17. Qd2 h5 18. Rae1 Qg6 19. Ncd1 Nc5 20. Nh3 Bh6 21.
Ng5 Bd7 22. Re3 Rae8 23. Nf2 b6 24. h4 Re7 25. Rb1 Rfe8 26. Bf1 Bg7 27. Be2 Nh7 28.
Bxg7 Kxg7 29. Qd4+ Nf6 30. b3 Kg8 31. a3 a4 32. b4 Nb3 33. Qc3 c5 34. dxc6 Bxc6 35. Bd1 d5 36. Bxb3 axb3 37. Rxb3 dxc4 38. Qxc4+ Bd5 39. Qc3 Bxb3 40. Qxb3+ Kh8 41. Nd1 Ng4 42. Rc3 Qd6 43. Ne3 Qd4 44. Rc4 Qxe3+ 45. Qxe3 Nxe3 46.
Rc6 Ng4 0-1

[Event "***Titled Tuesday 3|2 Blitz"]
[Site "Chess.com"]
[Date "2017.02.07"]
[Round "6"]
[White "maciek_92"]
[Black "chessdude"]
[Result "1-0"]
[WhiteElo "2572"]
[BlackElo "2432"]
[TimeControl "180+2"]
[EndTime "14:26:43 PST"]
[Termination "maciek_92 won by resignation"]

1. c4 c5 2. Nf3 Nc6 3. d4 cxd4 4. Nxd4 Nf6 5. Nc3 e6 6. a3 Bc5 7. Nb3 Bb6 8. Bf4 d5 9. e3 O-O 10. cxd5 exd5 11. Be2 d4 12. exd4 Nxd4 13. Nxd4 Qxd4 14. Qxd4 Bxd4 15. Rd1 Bc5 16. O-O Bg4 17.
Bxg4 Nxg4 18. b4 Bb6 19. Nd5 Rfd8 20. h3 Nf6 21. Nxf6+ gxf6 22. Bh6 f5 23. Rfe1 f6 24. Rxd8+ Bxd8 25. Rd1 Kf7 26. Rd7+ Kg6 27. Be3 Bb6 28. Rxb7 Bxe3 29. fxe3 a5 30. b5 a4 31. Kf2 Rc8 32. Ra7 Rc2+ 33. Kf3 Rb2 34. Rxa4 Rxb5 35. Rb4 Ra5 36. a4 h5 37. Ke2 Rc5 38. Kd2 Kg5 39.
h4+ Kg6 40. Rb1 Rc4 41. Ra1 Rxh4 42. a5 Rc4 43. a6 Rc8 44. a7 Ra8 45. Kc3 Kg5 46. Ra4 f4 47. exf4+ Kg4 48. Kd4 Kxf4 49. Ra3 f5 50. Kc5 Kg4 51. Kb6 f4 52. Kb7 Rh8 53.
a8=Q Rxa8 54. Kxa8 1-0

[Event "***Titled Tuesday 3|2 Blitz"]
[Site "Chess.com"]
[Date "2017.02.07"]
[Round "6"]
[White "dretch"]
[Black "wonderfultime"]
[Result "0-1"]
[WhiteElo "2549"]
[BlackElo "2651"]
[TimeControl "180+2"]
[EndTime "14:26:44 PST"]
[Termination "wonderfultime won by resignation"]

1. d4 d5 2. c4 c6 3. Nc3 Nf6 4.
e3 a6 5. Nf3 b5 6. b3 Bf5 7. Ne5 dxc4 8. bxc4 Nfd7 9. Nxf7 Kxf7 10. Qf3 e6 11. g4 Bb4 12. Bd2 Rf8 13. cxb5 Kg8 14. gxf5 axb5 15. Rg1 Qe7 16. Bd3 Ra3 17. Rc1 exf5 18. Kf1 Qf7 19. Rc2 Kh8 20. Nb1 Ra4 21.
Bxb4 Rxb4 22. Nd2 c5 23. dxc5 Ne5 24. Qe2 Nbc6 25. Nb3 f4 26. exf4 Rxf4 27. Rg2 Re8 28. Bxb5 g6 29. Bxc6 Nxc6 30. Qd3 Rfe4 31. Rg3 Nb4 32.
Qc3+ Kg8 33. Rd2 Nd5 34. Qc1 Ne3+ 35. Kg1 Ng4 36. Kg2 Re2 37. Rf3 Qc7 38. Qc4+ Kg7 39. Qxg4 R2e4 40. Qg3 Qc8 41. Rdd3 Rg4 42. Rc3 Rxg3+ 43.
hxg3 Qc6 44. Nd4 Qd5 45. Nb3 Rc8 46. Kg1 Qd1+ 47. Kg2 Qd5 48. a4 Qc6 49. a5 Qd5 50.
Kh2 Qh5+ 51. Kg1 Rd8 52. Rfd3 Re8 53. Re3 Qd1+ 54. Kg2 Qd5+ 55. Kh2 Rf8 56. Re2 Qh5+ 57. Kg1 Qxe2 0-1

[Event "***Titled Tuesday 3|2 Blitz"]
[Site "Chess.com"]
[Date "2017.02.07"]
[Round "6"]
[White "Zlatan56"]
[Black "AlexanderL"]
[Result "1/2-1/2"]
[WhiteElo "2653"]
[BlackElo "2614"]
[TimeControl "180+2"]
[EndTime "14:26:50 PST"]
[Termination "Game drawn by agreement"]

1. Nf3 d5 2. g3 Nc6 3. Bg2 e5 4.
d3 Nf6 5. O-O Be7 6. c4 O-O 7.
cxd5 Nxd5 8. Nc3 Nb6 9. Be3 Be6 10. Rc1 f5 11. a3 a5 12. Na4 Nxa4 13. Qxa4 Bd5 14. Bc5 Bd6 15. Rfd1 Kh8 16. e4 fxe4 17. dxe4 Be6 18. Qb5 Rb8 19. Qd3 Bg4 20. h3 Bxf3 21. Bxf3 Bxc5 22. Rxc5 Qf6 23. Rc3 Nd4 24. Kg2 Rbd8 25.
Rf1 Qb6 26. Qb1 Nxf3 27. Rxf3 Rxf3 28. Kxf3 Qb3+ 29. Kg2 Rd2 30. Qc1 Qc2 31. Qxc2 Rxc2 32.
Rd1 h6 33. Rd5 b6 34. Rxe5 Rxb2 35. Re7 Rc2 36. e5 Kg8 37. e6 Kf8 38. Rf7+ Ke8 39.
Rxg7 b5 40. Kf3 b4 41. axb4 axb4 42. Ke3 b3 43. Rg8+ Ke7 44. Rb8 b2 45. f4 Kxe6 46. g4 Kd5 47. Kd3 Rh2 48. Kc3 Rxh3+ 49. Kxb2 Rg3 50. Rg8 h5 51. Rg5+ Ke4 52. gxh5 Rh3 53.
Rc5 Kxf4 1/2-1/2

[Event "***Titled Tuesday 3|2 Blitz"]
[Site "Chess.com"]
[Date "2017.02.07"]
[Round "6"]
[White "kleinebeer98"]
[Black "Yaacovn"]
[Result "0-1"]
[WhiteElo "2475"]
[BlackElo "2596"]
[TimeControl "180+2"]
[EndTime "14:26:52 PST"]
[Termination "Yaacovn won by resignation"]

1. e4 c6 2. d4 d5 3. f3 dxe4 4.
fxe4 e5 5. Nf3 Be6 6. Nc3 Bb4 7. a3 Ba5 8. b4 Bc7 9. Be3 Nd7 10. Be2 Ngf6 11. O-O Ng4 12. Bg5 f6 13. Bc1 Bb6 14. Na4 exd4 15. Nxb6 Qxb6 16. Nxd4 Nde5 17. h3 O-O-O 18. c3 h5 19. a4 Nh6 20. a5 Qc7 21.
Qa4 Bd7 22. Be3 Nhf7 23. c4 Nd6 24. b5 c5 25. Nb3 Nxe4 26. b6 Bxa4 27. bxc7 Bxb3 28.
cxd8=Q+ Rxd8 29. Rac1 h4 30. Bf3 Nd2 31. Bxd2 Rxd2 32.
Bd5 Kc7 33. Rc3 Ba4 34. Rb1 Bc6 35. Bxc6 Nxc6 36. Re1 Rd7 37. a6 bxa6 38. Ra3 a5 39. Re4 Rd4 40. Rxd4 cxd4 41. Kf2 Kd6 42. Kf3 Kc5 43.
Kg4 Kb4 44. Ra1 d3 45. Kf3 Kc3 46. Ke3 Nb4 47. c5 Nc2+ 48. Ke4 Nxa1 49. c6 d2 50. c7 d1=Q 51. c8=Q+ Kb2 52. Qb7+ Nb3 53. Qxg7 Qd4+ 54. Kf5 Qe5+ 55. Kg4 f5+ 0-1

[Event "***Titled Tuesday 3|2 Blitz"]
[Site "Chess.com"]
[Date "2017.02.07"]
[Round "6"]
[White "AndrewDGreen"]
[Black "Dale"]
[Result "1-0"]
[WhiteElo "2157"]
[BlackElo "1984"]
[TimeControl "180+2"]
[EndTime "14:26:52 PST"]
[Termination "AndrewDGreen won by checkmate"]

1. d4 Nf6 2. Nf3 e6 3. Bf4 d5 4. e3 Be7 5. Ne5 O-O 6. Bd3 Nc6 7. c3 Nd7 8. Nxc6 bxc6 9. Nd2 c5 10. Qf3 Rb8 11. Rb1 cxd4 12. exd4 f6 13. O-O e5 14. Qxd5+ Kh8 15. dxe5 Bb7 16. Qa5 fxe5 17. Bg3 Nc5 18.
Bc4 Qxd2 19. Bxe5 Qg5 20. Bg3 Bd6 21. b4 Bxg3 22. hxg3 Ne4 23. Qxg5 Nxg5 24. Rbd1 a5 25. a3 axb4 26. axb4 Ne4 27. Rd7 Rbc8 28. Rd3 Nd6 29. Be6 Rce8 30. Bg4 Ba6 31. Rfd1 Bxd3 32. Rxd3 Re4 33.
Bf3 Rc4 34. Bd5 Rg4 35. Kh2 g6 36. f3 Rg5 37. c4 Kg7 38. g4 Re5 39. Kg3 Re2 40. c5 Nb5 41. Bc4 c6 42. Rd7+ Kf6 43. Bxe2 Nc3 44. Bc4 h5 45. Rd6+ Kg5 46. gxh5 gxh5 47.
Rxc6 h4+ 48. Kf2 Ne4+ 49. Ke3 Nc3 50. b5 h3 51. gxh3 Kf5 52. b6 Re8+ 53. Kd4 Na4 54.
b7 Kf4 55. Rc8 Re6 56. Bxe6 Nxc5 57. Kxc5 Ke5 58. b8=Q+ Kf6 59. Qf4+ Kg7 60. Qg5+ Kh7 61. Bf5# 1-0

[Event "***Titled Tuesday 3|2 Blitz"]
[Site "Chess.com"]
[Date "2017.02.07"]
[Round "6"]
[White "joppie2"]
[Black "DryCounty"]
[Result "1-0"]
[WhiteElo "2525"]
[BlackElo "2391"]
[TimeControl "180+2"]
[EndTime "14:27:00 PST"]
[Termination "joppie2 won by resignation"]

1. e4 c5 2. Nf3 d6 3. d4 cxd4 4.
Nxd4 Nf6 5. Nc3 Nc6 6. Bg5 e6 7. Qd2 Be7 8. O-O-O O-O 9. f3 Nxd4 10. Qxd4 a6 11.
h4 b5 12. g4 Qc7 13. Qd2 Bb7 14. Bd3 Rfd8 15. Kb1 Rac8 16. h5 b4 17. Ne2 d5 18.
e5 Ne4 19. Bxe4 dxe4 20. Nd4 Rxd4 21. Qxd4 Bxg5 22. fxe4 Qxc2+ 23. Ka1 Bxe4 24. Rhe1 Bd5 25. Qxb4 h6 26. Rf1 Rc4 27. Qb8+ Kh7 28. Qf8 Ra4 29.
Rxd5 exd5 30. Qxf7 Rb4 31. Rb1 Be3 32. a3 Rb8 33. Qxd5 Bc1 34. Qa2 Bxb2+ 35. Rxb2 Qc1+ 36. Qb1+ Qxb1+ 37. Kxb1 Re8 38. Re2 Kg8 39. e6 Kf8 40. Kb2 Ke7 41. Kb3 Rf8 42. Re4 Rf3+ 43. Kb4 Rg3 44.
a4 Rd3 45. Ka5 Rd6 46. Rb4 Rxe6 47. Rb6 Re4 48. Rxa6 Rxg4 49. Rb6 Rg5+ 50. Rb5 Kf6 51. Ka6 g6 52. hxg6 Kxg6 53. a5 Rg1 54. Kb7 h5 55. a6 h4 56. a7 Ra1 57. a8=Q Rxa8 58. Kxa8 h3 59. Rb3 1-0

[Event "***Titled Tuesday 3|2 Blitz"]
[Site "Chess.com"]
[Date "2017.02.07"]
[Round "6"]
[White "VMikhalevski"]
[Black "sergiochess83"]
[Result "1-0"]
[WhiteElo "2526"]
[BlackElo "2694"]
[TimeControl "180+2"]
[EndTime "14:27:06 PST"]
[Termination "VMikhalevski won by resignation"]

1. Nf3 d5 2. g3 Nf6 3. Bg2 c6 4.
O-O Bf5 5. d3 e6 6. c4 Be7 7.
cxd5 exd5 8. Nc3 O-O 9. Qb3 Qb6 10. Qc2 Nbd7 11. e4 dxe4 12. dxe4 Bg6 13. Nh4 Rad8 14.
Be3 Qa6 15. Nxg6 hxg6 16. Rad1 Ne5 17. b3 Bb4 18. h3 Rd3 19. Rxd3 Qxd3 20. Qxd3 Nxd3 21.
Na4 Ne1 22. Bh1 b5 23. Bc5 Bxc5 24. Nxc5 Nc2 25. Rd1 Re8 26. Rd2 Na3 27. f4 Nb1 28.
Rd3 b4 29. e5 Nd5 30. Bxd5 cxd5 31. Rxd5 Rc8 32. Ne4 Nc3 33. Nd6 Nxd5 34. Nxc8 a6 35.
Kf2 Nc3 36. Ke3 Nxa2 37. Kd4 Nc1 38. Kc4 Ne2 39. Kxb4 Nxg3 40. Ka5 Ne2 41. Ne7+ Kf8 42. Nd5 Ke8 43. Kxa6 Kd7 44. b4 Kc6 45. Ne7+ Kd7 46. Nd5 Kc6 47. Ne3 Nxf4 48. b5+ Kc5 49. b6 Nd3 50. b7 Nb4+ 51. Ka7 Nc6+ 52. Ka8 Kd4 53. Nc2+ Kc5 54. Ne1 Kd4 55. Nf3+ Kd5 56. Ng5 f5 57. e6 Kd6 58. Nf3 f4 59. Nd4 1-0

[Event "***Titled Tuesday 3|2 Blitz"]
[Site "Chess.com"]
[Date "2017.02.07"]
[Round "6"]
[White "ER404"]
[Black "Bad4life"]
[Result "1/2-1/2"]
[WhiteElo "2150"]
[BlackElo "2295"]
[TimeControl "180+2"]
[EndTime "14:27:06 PST"]
[Termination "Game drawn by agreement"]

1. e4 c5 2. c3 Nf6 3. e5 Nd5 4. Bc4 Qc7 5. Nf3 Nb6 6. Bb3 c4 7. Bc2 Nc6 8. O-O Nxe5 9. Nxe5 Qxe5 10. Re1 Qc7 11. a4 e6 12. d3 Bd6 13.
a5 Bxh2+ 14. Kh1 Nd5 15. dxc4 Nf6 16. Na3 O-O 17. Bg5 Bf4 18. Bxf6 gxf6 19. Qg4+ Bg5 20. g3 Kh8 21. Qh5 f5 22. Qxg5 Rg8 23. Qf6+ Rg7 24. Nb5 Qxc4 25. Qe5 f6 26. b3 Qc6+ 27. Be4 fxe5 28.
Bxc6 bxc6 29. Nd6 e4 30. a6 Rb8 31. Ra3 h5 32. b4 Kh7 33. c4 Kg6 34. b5 cxb5 35.
cxb5 Rh7 36. Rc1 Rh8 37. Rac3 h4 38. gxh4 Rxh4+ 39. Kg1 Rg4+ 40. Rg3 Bxa6 41. bxa6 Rxg3+ 42. fxg3 Rb6 43. Nc4 Rxa6 44. Ne5+ Kg5 45. Nxd7 Ra2 46. Rf1 Kg4 47. Rf2 Rxf2 48. Kxf2 e3+ 49. Kg2 e2 50. Ne5+ Kg5 51. Nd3 e5 52. Kf2 f4 53. gxf4+ exf4 54. Kxe2 Kf5 55. Nxf4 Kxf4 56. Kd3 Ke5 57. Kc4 Kd6 58.
Kb4 Kc6 59. Ka3 Kb6 60. Ka2 Ka5 61. Kb2 Ka4 62. Ka2 Kb4 63. Ka1 Ka3 1/2-1/2

[Event "***Titled Tuesday 3|2 Blitz"]
[Site "Chess.com"]
[Date "2017.02.07"]
[Round "6"]
[White "destroyer305"]
[Black "wnstop"]
[Result "0-1"]
[WhiteElo "2322"]
[BlackElo "2418"]
[TimeControl "180+2"]
[EndTime "14:27:11 PST"]
[Termination "wnstop won by resignation"]

1. e4 c5 2. d4 cxd4 3. c3 dxc3 4.
Nxc3 e6 5. Nf3 a6 6. Bc4 d6 7.
O-O Be7 8. Qe2 b5 9. Bb3 Bb7 10. Rd1 Nd7 11. Nd4 Nc5 12. Bc2 Nf6 13. f4 O-O 14. e5 Nd5 15. Nxd5 Bxd5 16. Be3 dxe5 17. fxe5 Qc7 18. Bf4 Qb7 19. Rf1 Be4 20. Bxe4 Qxe4 21.
Qxe4 Nxe4 22. Rad1 Rfd8 23. Rfe1 Nc5 24. Nc6 Rxd1 25.
Rxd1 Kf8 26. Be3 Na4 27. Nxe7 Kxe7 28. b3 Nc3 29. Bc5+ Ke8 30. Rd6 Ne4 31. Rc6 Nxc5 32.
Rxc5 Kd7 33. Rc3 Rc8 34. Rd3+ Ke7 35. Rg3 g6 36. Re3 Rc1+ 37. Kf2 Rc2+ 38. Kf3 Rxa2 39. Rc3 a5 40. Rc7+ Kf8 41. Rb7 b4 42. Ra7 Ra3 43. Ke4 Rxb3 44. Rxa5 Rb2 45. Kf3 Kg7 46. Rb5 h6 47. h4 h5 48. g3 Rb3+ 49. Kf4 Rb1 50. Kf3 b3 51. Rb7 b2 52. Kg2 Re1 53. Rxb2 Rxe5 54. Rb7 g5 55. hxg5 Rxg5 56. Kf2 Kf6 57. Rb4 Rg4 58. Rb5 h4 59. gxh4 Rxh4 60. Kf3 Kg6 61. Rb6 Kf5 62. Rb8 f6 63. Rf8 e5 64.
Ra8 Rh3+ 65. Kf2 Rb3 66. Ra6 Kg5 67. Re6 Kf5 68. Ra6 e4 69. Ke2 Kg5 70. Rc6 f5 71. Kf2 Kf4 72. Rc2 Rh3 73. Kg1 Kf3 74.
Rf2+ Kg4 75. Rb2 f4 76. Rb4 e3 77. Rb1 f3 78. Rb4+ Kg3 0-1

[Event "***Titled Tuesday 3|2 Blitz"]
[Site "Chess.com"]
[Date "2017.02.07"]
[Round "6"]
[White "Tesla37"]
[Black "SavelijTartakover"]
[Result "0-1"]
[WhiteElo "2583"]
[BlackElo "2547"]
[TimeControl "180+2"]
[EndTime "14:27:12 PST"]
[Termination "SavelijTartakover won by resignation"]

1. Nf3 Nf6 2. g3 c5 3. Bg2 Nc6 4.
O-O g6 5. c4 Bg7 6. Nc3 O-O 7.
d4 cxd4 8. Nxd4 Qa5 9. Nc2 d6 10. e4 Qh5 11. Qxh5 Nxh5 12. Bd2 Be6 13. b3 Rfc8 14. Rac1 Nf6 15. h3 a6 16. f4 b5 17.
Nd5 Nd7 18. cxb5 axb5 19. Ncb4 Bxd5 20. Nxd5 Kf8 21. e5 Rxa2 22. Be3 Nc5 23. Nxe7 Kxe7 24. exd6+ Kd7 25. Rxc5 Nd4 26. Rxc8 Kxc8 27. Rd1 Ne2+ 28. Kh2 Kd7 29. h4 f5 30. Kh3 Rb2 31. Rd3 b4 32. h5 Nc3 33. h6 Bf6 34. Bf3 Rxb3 35. g4 Rb1 36. gxf5 gxf5 37. Bd2 Ne4 38. Be3 b3 39. Rd1 Rxd1 40. Bxd1 b2 41. Bc2 Kxd6 42. Kg2 Bc3 43. Kf3 Ke7 44. Ke2 Kf6 45. Kd3 Kg6 46. Bb1 Kxh6 47. Kc4 Bf6 48. Kb3 Kg6 49. Bd3 h5 50. Kc2 h4 51. Bg1 Ng3 52. Bf2 Kh5 53. Kd1 Kg4 54. Ke1 h3 55. Bg1 Kxf4 56. Bh2 Kg4 57. Kf2 Bd4+ 58. Ke1 f4 59. Bb1 f3 0-1

[Event "***Titled Tuesday 3|2 Blitz"]
[Site "Chess.com"]
[Date "2017.02.07"]
[Round "6"]
[White "Dlugy"]
[Black "ftorodent"]
[Result "0-1"]
[WhiteElo "2666"]
[BlackElo "2539"]
[TimeControl "180+2"]
[EndTime "14:27:14 PST"]
[Termination "ftorodent won by resignation"]

1. d4 d5 2. Bf4 Nf6 3. e3 c5 4.
dxc5 Qa5+ 5. Nc3 Qxc5 6. Nb5 Na6 7. c3 Bd7 8. a4 e6 9. Be5 Qc6 10.
Nf3 Be7 11. Nfd4 Qb6 12. a5 Qc5 13. b4 Qc8 14. Rc1 O-O 15. Nd6 Bxd6 16. Bxd6 Re8 17. c4 Qd8 18. cxd5 Nxd5 19. Bxa6 bxa6 20. O-O Bb5 21.
Nxb5 axb5 22. Bc5 a6 23. e4 Nf6 24. f3 Nd7 25. Bd6 Qf6 26. f4 Rec8 27. e5 Qf5 28. Qd4 Rc2 29. Rxc2 Qxc2 30. Be7 Nf8 31. Bc5 Ng6 32.
g3 h5 33. Rf2 Qb1+ 34. Kg2 Qf5 35. h3 Kh7 36. Re2 h4 37. Qe4 Qxe4+ 38. Rxe4 hxg3 39. Kxg3 Rd8 40. Re3 Rd1 41. Bd6 Rg1+ 42. Kf2 Rc1 43. Kg3 Rg1+ 44. Kf2 Rd1 45. Rc3 Nxf4 46. Rc6 Nd5 47. Rxa6 Rd4 48. Rb6 Nxb4 49. Rxb5 Nd5 50. Rb3 Ra4 51. Ra3 Rxa3 52. Bxa3 Nc7 53.
Bd6 Na6 54. Ke3 f5 55. Kd4 f4 56.
Kc4 g5 57. Kb5 f3 58. Kxa6 f2 59. Kb7 f1=Q 60. a6 Qb5+ 61. Ka7 Kg6 0-1